 Dungeon Crawl Stone Soup version 0.26-a0-672-g1df16c3386 (webtiles) character file.

Game seed: 13077137612606184936

328426 ringo67 the Acrobat (level 21, -20/182 HPs)
             Began as a Merfolk Gladiator on Oct 19, 2020.
             Was the Champion of Ashenzari.
             Demolished by Mennas
             ... wielding a +2 eudemon blade of holy wrath
              (21 damage)
             ... on level 3 of the Vaults on Oct 20, 2020.
             The game lasted 02:04:08 (56982 turns).

ringo67 the Acrobat (Merfolk Gladiator)            Turns: 56982, Time: 02:04:10

Health: -20/182    AC: 31    Str: 27    XL:     21   Next: 69%
Magic:  34/34      EV: 29    Int: 15    God:    Ashenzari [******]
Gold:   1679       SH:  0    Dex: 18    Spells: 25/38 levels left

rFire    . . .     SeeInvis +   b - +8 demon trident (drain) (curse)
rCold    + . .     Faith    .   U - +0 tower shield (curse)
rNeg     . . .     Spirit   .   S - +3 scale mail of Ferocious Amelioration {MR+ Slay+5} (curse)
rPois    +         Reflect  +   c - +1 helmet (curse)
rElec    .         Harm     .   u - +0 cloak (curse)
rCorr    .         Rampage  .   G - +0 pair of gloves (curse)
MR       +++..     Clarity  +   N - +2 pair of boots of Burnt New Discoveries {Str+2} (curse)
Stlth    ..........             a - amulet of Vanity {Reflect +Blink MR+ Str+2 Dex+3 SH+5} (curse)
HPRegen  0.40/turn              R - ring of Robustness {AC+8} (curse)
MPRegen  0.24/turn              Y - ring of Psychosis {rPois rC+ Int+6} (curse)

@: confused, mighty, berserk cooldown, hasted and slowed, glowing, silenced
A: change form in water, swift swim, stealthy swim
}: 2/15 runes: decaying, gossamer
a: Renounce Religion, Evoke Blink


You were on level 3 of the Vaults.
You worshipped Ashenzari.
Ashenzari was exalted by your worship.
You visited 7 branches of the dungeon, and saw 36 of its levels.
You also visited: Ossuary and Ice Cave.

You collected 3650 gold pieces.
You spent 1971 gold pieces at shops.

Inventory:

Hand Weapons
 b - a cursed +8 demon trident of draining (weapon)
 P - a +6 demon trident
Missiles
 o - a throwing net
 v - 85 poisoned darts (quivered)
 W - 11 curare-tipped darts
Armour
 c - a cursed +1 helmet (worn)
 u - a cursed +0 cloak (worn)
 G - a cursed +0 pair of gloves (worn)
 N - the cursed +2 pair of boots of Burnt New Discoveries (worn) {Str+2}
   (You found it on level 6 of the Lair of Beasts)

   It affects your strength (+2).
   It has a curse placed upon it.
 S - the cursed +3 scale mail of Ferocious Amelioration (worn) {MR+ Slay+5}
   (You found it on level 4 of the Lair of Beasts)

   It affects your accuracy and damage with ranged weapons and melee attacks
   (+5).
   It affects your resistance to hostile enchantments.
   It has a curse placed upon it.
 U - a cursed +0 tower shield (worn)
Jewellery
 a - the cursed amulet of Vanity (around neck) {Reflect +Blink MR+ Str+2 Dex+3 SH+5}
   (You bought it in a shop on level 2 of the Orcish Mines)

   [amulet of reflection]

   It shields you and reflects attacks.
   It affects your strength (+2).
   It affects your dexterity (+3).
   It affects your resistance to hostile enchantments.
   It lets you blink.
   It affects your SH (+5).
   It has a curse placed upon it.
 p - a +6 ring of strength
 q - an uncursed ring of resist corrosion
 H - an uncursed ring of fire
 R - the cursed ring of Robustness (left hand) {AC+8}
   (You found it on level 15 of the Dungeon)

   [ring of protection]

   It affects your AC (+8).
   It has a curse placed upon it.
 Y - the cursed ring of Psychosis (right hand) {rPois rC+ Int+6}
   (You found it on level 6 of the Lair of Beasts)

   [ring of intelligence]

   It affects your intelligence (+6).
   It protects you from cold.
   It protects you from poison.
   It has a curse placed upon it.
Wands
 f - a wand of disintegration (39)
 y - a wand of polymorph (16)
 K - a wand of paralysis (28)
 L - a wand of iceblast (48)
 O - a wand of enslavement (8)
 T - a wand of flame (22)
 V - a wand of digging (9)
 Z - a wand of acid (9)
Scrolls
 g - 4 scrolls of remove curse
 j - 11 scrolls of teleportation
 k - a scroll of enchant weapon
 m - a scroll of holy word
 r - 10 scrolls of identify
 A - a scroll of fear
 D - 7 scrolls of enchant armour
 E - 2 scrolls of magic mapping
 I - 2 scrolls of vulnerability
 J - 2 scrolls of fog
 M - 7 scrolls of amnesia
 Q - 2 scrolls of blinking
Potions
 d - 7 potions of mutation
 e - a potion of might
 i - 5 potions of ambrosia
 l - 8 potions of invisibility
 n - 9 potions of curing
 s - 8 potions of stabbing
 t - 3 potions of resistance
 w - 3 potions of haste
 x - 2 potions of flight
 z - 4 potions of brilliance
 B - 6 potions of magic
 C - 3 potions of cancellation
 F - 6 potions of lignification
 X - a potion of berserk rage


   Skills:
 + Level 19.7 Fighting
 - Level 14.0(18.0) Polearms
 - Level 2.0 Throwing
 + Level 12.4(16.5) Armour
 + Level 22.7(26.1) Dodging
 + Level 13.4(16.0) Shields
 - Level 9.0 Spellcasting
 - Level 12.3(16.4) Summonings
 - Level 5.9(10.4) Ice Magic


You had 25 spell levels left.
You knew the following spells:

 Your Spells              Type           Power        Failure   Level
a - Summon Ice Beast      Ice/Summ       #####...     2%          4
b - Shadow Creatures      Summ           N/A          11%         6
c - Frozen Ramparts       Ice            #####.       2%          3

Your spell library contained the following spells:

 Spells                   Type           Power        Failure   Level
 Freeze                   Ice            ####         1%          1
 Summon Demon             Summ           ######....   1%          5
 Ozocubu's Armour         Ice            #####...     2%          3
 Ensorcelled Hibernation  Hex/Ice        ###...       9%          2
 Corona                   Hex            #......      41%         1
 Foxfire                  Conj/Fire      #...         41%         1
 Sandblast                Erth           #.....       41%         1
 Shock                    Conj/Air       #...         41%         1
 Summon Forest            Summ/Tloc      ####......   43%         5
 Summon Mana Viper        Hex/Summ       ####....     43%         5
 Summon Hydra             Summ           ######....   50%         7
 Hailstorm                Conj/Ice       ###.....     52%         4
 Corpse Rot               Necr/Air       N/A          54%         2
 Passwall                 Tmut/Erth      #.......     54%         2
 Poisonous Vapours        Pois/Air       #.....       54%         2
 Slow                     Hex            #.......     54%         2
 Sublimation of Blood     Necr           #.........   54%         2
 Swiftness                Air            #.......     54%         2
 Confusing Touch          Hex            #.......     78%         3
 Conjure Flame            Conj/Fire      #.......     78%         3
 Dazzling Flash           Conj/Hex       #.....       78%         3
 Inner Flame              Hex/Fire       #.......     78%         3
 Mephitic Cloud           Conj/Pois/Air  #.......     78%         3
 Portal Projectile        Hex/Tloc       #.....       78%         3
 Static Discharge         Conj/Air       #.......     78%         3
 Stone Arrow              Conj/Erth      #.....       78%         3
 Tukima's Dance           Hex            #.......     78%         3
 Airstrike                Air            #.........   99%         4
 Cause Fear               Hex            #.........   99%         4
 Dispel Undead            Necr           #.......     99%         4
 Leda's Liquefaction      Hex/Erth       #.........   99%         4
 Petrify                  Tmut/Erth      #.......     99%         4
 Sticky Flame             Conj/Fire      #.......     99%         4
 Agony                    Necr           #.......     100%        5
 Excruciating Wounds      Necr           #.........   100%        5
 Fireball                 Conj/Fire      #.........   100%        5
 Lee's Rapid Deconstruct  Erth           #.........   100%        5
 Lightning Bolt           Conj/Air       #.........   100%        5
 Freezing Cloud           Conj/Ice/Air   ###.......   100%        6


Dungeon Overview and Level Annotations

Branches:
Dungeon (15/15)            Temple (1/1) D:6            Lair (6/6) D:11
  Swamp (4/4) Lair:3       Spider (4/4) Lair:3        Slime (0/5) Lair:5
    Orc (2/2) D:11            Elf (0/3) Orc:2        Vaults (4/5) D:13
  Crypt (0/3) Vaults:2     Depths (0/5) D:15        Ossuary (visited)
  IceCv (visited)

Altars:
Ashenzari
Cheibriados
Dithmenos
Elyvilon
Fedhas
Gozag
Hepliaklqana
Kikubaaqudgha
Nemelex Xobeh
Okawaru
Qazlal
Ru
Sif Muna
Trog
Uskayaw
Vehumet
Wu Jian
Xom
Yredelemnul
Zin
The Shining One

Shops:
D:8 ?   D:12 }   Orc:1 !}:   Orc:2 [[[=   Vaults:4 !

Annotations:
Orc:1 Sonja
Vaults:3 3 runed translucent doors, Mennas; deprived's ghost, veteran HOFi


Message History

Level annotation: 3 runed translucent doors, deprived's ghost, veteran HOFi
There is a stone staircase leading down here.
You feel much better. You block Mennas's attack. x2
The two-headed ogre completely misses you. x2
You block the two-headed ogre's attack. The two-headed ogre misses you.
Mennas hits you but does no damage.
Mennas hits you with a +2 eudemon blade of holy wrath.
* * * LOW HITPOINT WARNING * * *
You block the two-headed ogre's attack. x2
Mennas hits you with a +2 eudemon blade of holy wrath!!!
* * * LOW HITPOINT WARNING * * *
Mennas hits you with a +2 eudemon blade of holy wrath.
* * * LOW HITPOINT WARNING * * *
You are confused.
You feel invigorated.
The two-headed ogre hits you with a +0 giant club.
* * * LOW HITPOINT WARNING * * *
The two-headed ogre misses you. Mennas completely misses you.
Mennas hits you with a +2 eudemon blade of holy wrath!!
You die...

#......###.......##
#......##.........##
#......'...........#
#......##.........##
#......###.......##
#......# ##..)..##
###'##### ###)####
#.......# #..^...#
#...@...# #...)..#
#..OOA..# #......#
#...[>..# #....).#
#.[)[...# #......#
#.......# #......#
#.......# #####'####
#.......# #.....
######'#########.....
#..........#.....


You could see Mennas (strong, silencing) and 2 two-headed ogres.

Vanquished Creatures
  Bai Suzhen (Swamp:4)
  Boris (Vaults:4)
  Frederick (Vaults:4)
  Nikola (Spider:3)
  A lich (Vaults:2)
  Jorgrun (Lair:3)
  Rupert (D:15)
  A tentacled monstrosity (Swamp:1)
  Asterion (Spider:3)
  A sphinx (Vaults:4)
  A thorn hunter (Swamp:4)
  An iron dragon (D:15)
  4 ghost moths
  3 frost giants
  3 emperor scorpions
  7 vault wardens
  10 ironheart preservers
  4 entropy weavers
  2 stone giants
  10 very ugly things
  A war gargoyle (Vaults:4)
  2 deep elf demonologists (Vaults:1)
  2 deep elf annihilators (Vaults:1)
  5 dire elephants (Lair:6)
  2 spark wasps (Spider:4)
  2 green deaths (Swamp:4)
  An ettin (Vaults:1)
  An eidolon (Vaults:2)
  2 deep elf death magi
  2 death oozes (Swamp:4)
  Josephine (Orc:2)
  3 fire dragons
  4 ice dragons
  13 yaktaur captains
  2 rakshasas
  10 ogre magi
  12 vault guards
  A great orb of eyes (Vaults:2)
  10 boulder beetles
  14 hydras
  4 shambling mangroves
  4 catoblepae
  A hell beast (Swamp:4)
  3 death knights
  5 centaur warriors
  An anaconda (Lair:6)
  2 dancing weapons (D:13)
  15 alligators
  A ghost crab (Swamp:3)
  27 two-headed ogres
  2 tengu warriors
  A vampire mage (Vaults:2)
  7 death yaks
  An orc high priest (D:11)
  3 nameless horrors
  7 deep elf knights
  A shadow wraith (Vaults:4)
  8 iron trolls
  A fire crab (shapeshifter) (Vaults:3)
  A skeletal warrior (D:14)
  A glowing orange brain (Vaults:3)
  2 flayed ghosts
  6 deep trolls
  12 swamp dragons
  An unseen horror (shapeshifter) (Vaults:3)
  4 unseen horrors
  2 spriggan druids
  3 wizards
  4 deep elf archers
  14 orc knights
  Pikel (D:8)
  3 harpies (Vaults:3)
  A harpy (shapeshifter) (Vaults:2)
  8 ironbrand convokers
  2 necromancers
  A manticore (D:12)
  4 oklob plants (Lair:6)
  9 deep elf magi
  12 orb spiders
  28 wolf spiders
  26 ugly things
  An orb spider (shapeshifter) (Vaults:1)
  2 orc sorcerers
  7 cyclopes
  2 ice statues (IceCv)
  A moth of wrath (Spider:2)
  10 elephants (Lair:6)
  An orange demon (Swamp:4)
  A guardian serpent (shapeshifter) (D:15)
  3 torpor snails
  4 black mambas
  11 vault sentinels
  18 cane toads
  3 rime drakes
  A large abomination (Swamp:4)
  A cane toad (shapeshifter) (D:15)
  7 komodo dragons
  3 kobold demonologists
  14 demonic crawlers
  20 yaktaurs
  A merfolk (D:12)
  3 meliai
  6 freezing wraiths
  36 jumping spiders
  2 meliai (shapeshifter)
  A queen bee (shapeshifter) (Vaults:3)
  6 trolls
  2 polar bears
  A sphinx simulacrum (Vaults:3)
  43 slime creatures
  A queen bee (Spider:4)
  7 tyrant leeches
  A hornet (shapeshifter) (Vaults:1)
  16 hornets
  A meliai zombie (D:15)
  17 blink frogs
  7 bog bodies
  79 redbacks
  8 shadows
  Sigmund (D:5)
  2 human simulacra
  32 tarantellas
  8 wraiths
  3 basilisks
  7 spriggans
  58 yaks
  A wyvern (D:8)
  Grum (D:8)
  A yaktaur simulacrum (Vaults:2)
  20 vampire mosquitoes
  26 insubstantial wisps
  2 steam dragons
  14 swamp worms
  5 wargs
  2 acid dragons
  12 water moccasins
  Duvessa (D:6)
  4 swamp drakes
  53 orc warriors
  2 eyes of draining (D:14)
  27 ogres
  An eye of draining (shapeshifter) (Vaults:2)
  11 ice beasts
  4 black bears (D:11)
  A necrophage (D:11)
  A sky beast (D:9)
  A human zombie (Vaults:1)
  3 phantoms
  7 wolves
  24 centaurs
  An orc skeleton (Vaults:1)
  A lemure (D:8)
  Blork the orc (D:5)
  5 big kobolds
  23 bullfrogs
  A gnoll sergeant (D:7)
  A human skeleton (Vaults:1)
  5 scorpions
  A water moccasin zombie (Ossuary)
  Dowan (D:6)
  An electric eel (Lair:6)
  11 killer bees
  19 wights
  6 howler monkeys
  7 centaur zombies
  3 hounds
  2 bullfrog zombies
  5 jellies
  12 orc priests
  2 quasits
  5 centaur skeletons
  Crazy Yiuf (D:3)
  3 bullfrog skeletons
  Terence (D:3)
  22 orc wizards
  6 iguanas
  11 worker ants
  A small abomination (Swamp:4)
  2 mummies (Ossuary)
  7 gnolls (D:7)
  8 adders
  2 shadow imps
  16 white imps
  An ufetubus (D:9)
  4 adder zombies (Ossuary)
  2 adder skeletons
  9 worms
  9 leopard geckos
  117 orcs
  5 bats
  7 giant cockroaches
  2 gnoll zombies (Ossuary)
  9 goblins
  5 hobgoblins
  13 jackals
  3 quokkas
  A ball python (D:1)
  3 frilled lizards
  A giant cockroach zombie (D:2)
  3 hobgoblin zombies (Ossuary)
  21 kobolds
  4 kobold zombies (Ossuary)
  2 leopard gecko skeletons
  5 orc zombies (Ossuary)
  2 quokka skeletons
  8 rats
1496 creatures vanquished.

Vanquished Creatures (collateral kills)
  Mara (Vaults:3)
  Margery (Vaults:3)
  A vault warden (Vaults:4)
  An entropy weaver (Spider:4)
  A vault guard (Vaults:4)
  An ogre mage (Vaults:4)
  4 hell knights (Vaults:3)
  An ironbrand convoker (Vaults:4)
  7 wolf spiders
  8 orb spiders
  2 deep elf magi (Vaults:1)
  A moth of wrath (Spider:2)
  A cane toad (Swamp:4)
  A demonic crawler (Spider:4)
  2 jumping spiders
  A redback (Spider:4)
  3 tarantellas (Spider:2)
  An orc warrior (Vaults:3)
  2 ogres (Vaults:4)
40 creatures vanquished.

Vanquished Creatures (others)
  Arachne (Spider:3)
  A deep elf knight (Vaults:1)
  A wolf spider (Spider:1)
  A wizard (D:7)
  A redback (Spider:2)
  A vampire mosquito (Swamp:3)
  A swamp worm (Swamp:3)
  2 jellies
  An iguana (D:5)
  2 orc wizards (D:9)
  An adder skeleton (D:5)
  2 orcs
  A quokka (D:13)
  66 fungi
  93 plants
175 creatures vanquished.

Grand Total: 1711 creatures vanquished

Notes
Turn   | Place    | Note
-------+----------+-------------------------------------------
     0 | D:1      | ringo67 the Merfolk Gladiator began the quest for the Orb.
     0 | D:1      | Reached XP level 1. HP: 16/16 MP: 1/1
   196 | D:1      | Reached XP level 2. HP: 22/23 MP: 2/2
   697 | D:1      | Reached skill level 5 in Polearms
   895 | D:2      | Reached XP level 3. HP: 28/28 MP: 3/3
  1758 | D:2      | Reached XP level 4. HP: 34/34 MP: 4/4
  1762 | D:2      | Reached skill level 1 in Armour
  2069 | D:3      | Noticed Terence
  2087 | D:3      | Killed Terence
  2434 | D:3      | Reached XP level 5. HP: 38/41 MP: 5/5
  2460 | D:3      | Reached skill level 1 in Shields
  2481 | D:3      | Found a runed translucent door.
  2482 | D:3      | Noticed Crazy Yiuf
  2783 | D:3      | Killed Crazy Yiuf
  2783 | D:3      | Reached skill level 5 in Dodging
  3409 | D:4      | Reached XP level 6. HP: 47/47 MP: 6/6
  3653 | D:4      | Reached XP level 7. HP: 38/54 MP: 7/7
  3944 | D:4      | Found a radiant altar of Vehumet.
  3944 | D:4      | Found a glowing silver altar of Zin.
  4105 | D:5      | Entered Level 5 of the Dungeon
  4105 | D:5      | Found a blossoming altar of Fedhas.
  4143 | D:5      | Noticed Sigmund
  4452 | D:5      | Reached skill level 6 in Dodging
  4477 | D:5      | Killed Sigmund
  4562 | D:5      | Found a shimmering altar of Xom.
  4604 | D:5      | Noticed Blork the orc
  4620 | D:5      | Killed Blork the orc
  4620 | D:5      | Reached XP level 8. HP: 53/61 MP: 8/8
  5137 | D:5      | Found a basalt altar of Yredelemnul.
  5216 | D:6      | Found a shadowy altar of Dithmenos.
  5264 | D:6      | Reached skill level 5 in Fighting
  5350 | D:6      | Found a sand-covered staircase.
  5360 | Ossuary  | Entered an ossuary
  5895 | D:6      | Reached skill level 7 in Dodging
  5918 | D:6      | Reached skill level 10 in Polearms
  6112 | D:6      | Noticed Dowan
  6112 | D:6      | Noticed Duvessa
  6127 | D:6      | Killed Dowan
  6142 | D:6      | Killed Duvessa
  6341 | D:6      | Found a staircase to the Ecumenical Temple.
  6352 | Temple   | Entered the Ecumenical Temple
  6396 | Temple   | Became a worshipper of Ashenzari the Shackled
  6597 | D:6      | Reached XP level 9. HP: 68/69 MP: 9/9
  7189 | D:7      | Reached skill level 8 in Dodging
  7484 | D:7      | Reached skill level 5 in Shields
  7487 | D:7      | Found a snail-covered altar of Cheibriados.
  7560 | D:7      | Found a bloodstained altar of Trog.
  7561 | D:7      | Noticed a wizard
  7565 | D:7      | Killed a wizard
  7779 | D:7      | Found a hide-covered altar of Uskayaw.
  8195 | D:8      | Noticed Grum
  8197 | D:8      | Noticed Pikel
  8217 | D:8      | Killed Grum
  8237 | D:8      | Killed Pikel
  8237 | D:8      | Reached skill level 9 in Dodging
  8237 | D:8      | Reached XP level 10. HP: 77/79 MP: 10/10
  8567 | D:8      | Found Plog's Magic Scroll Shoppe.
  8615 | D:8      | Noticed a two-headed ogre
  8633 | D:8      | Noticed a deep troll
  8633 | D:8      | a two-headed ogre changed into a deep troll
  8673 | D:8      | Killed a deep troll
  9193 | D:8      | Found a white marble altar of Elyvilon.
  9301 | D:8      | Found a shimmering altar of Xom.
  9306 | D:8      | Found a blossoming altar of Fedhas.
  9522 | D:9      | Reached * piety under Ashenzari
 10120 | D:9      | Reached skill level 10 in Dodging
 10339 | D:10     | Entered Level 10 of the Dungeon
 10640 | D:10     | Reached XP level 11. HP: 62/86 MP: 11/11
 11834 | D:10     | Reached skill level 11 in Dodging
 12328 | D:11     | Reached ** piety under Ashenzari
 12381 | D:11     | Found a staircase to the Lair.
 12506 | D:11     | Reached skill level 5 in Armour
 12556 | D:11     | Noticed a white ugly thing
 12572 | D:11     | Killed a white ugly thing
 13176 | D:11     | Found a staircase to the Orcish Mines.
 13478 | Lair:1   | Entered Level 1 of the Lair of Beasts
 13557 | Lair:1   | Reached XP level 12. HP: 96/96 MP: 12/12
 14169 | Lair:2   | Noticed an eight-headed hydra
 14199 | Lair:2   | Killed an eight-headed hydra
 14199 | Lair:2   | Reached skill level 12 in Dodging
 14456 | Lair:2   | Reached skill level 10 in Fighting
 14715 | Lair:2   | Noticed a four-headed hydra
 14736 | Lair:2   | Killed a four-headed hydra
 14950 | Lair:2   | Reached *** piety under Ashenzari
 15990 | Lair:3   | Found a hole to the Spider Nest.
 16228 | Lair:3   | Reached **** piety under Ashenzari
 16275 | Lair:3   | Found a staircase to the Swamp.
 16962 | Lair:4   | Found a runed translucent door.
 16962 | Lair:4   | Noticed an eight-headed hydra
 16978 | Lair:4   | Identified the +3 scale mail of Ferocious Amelioration {MR+
                  | Slay+5}
 17029 | Lair:4   | Noticed a catoblepas
 17029 | Lair:4   | Noticed a death yak
 17029 | Lair:4   | Noticed a death yak
 17029 | Lair:4   | Noticed a death yak
 17029 | Lair:4   | Noticed a six-headed hydra
 17068 | Lair:4   | Killed a six-headed hydra
 17068 | Lair:4   | Reached skill level 13 in Dodging
 17300 | Lair:4   | Killed a death yak
 17300 | Lair:4   | Reached XP level 13. HP: 95/106 MP: 13/13
 17554 | Lair:4   | Reached skill level 10 in Shields
 18766 | Lair:5   | Found a staircase to the Slime Pits.
 19488 | Lair:6   | Entered Level 6 of the Lair of Beasts
 19499 | Lair:6   | Reached skill level 14 in Dodging
 20295 | Lair:6   | Reached XP level 14. HP: 115/115 MP: 14/14
 20627 | Lair:6   | Reached ***** piety under Ashenzari
 20738 | Lair:6   | Identified the ring of Psychosis {rPois rC+ Int+6}
 21719 | Lair:6   | Learned a level 4 spell: Summon Ice Beast
 22607 | Lair:6   | Identified the +12 scimitar "Ydghapass" {pain, MR+ Str-3
                  | Dex+6}
 22640 | Lair:6   | Noticed a dire elephant
 22640 | Lair:6   | Noticed a dire elephant
 22641 | Lair:6   | Identified the +2 pair of boots of Burnt New Discoveries
                  | {Str+2}
 22658 | Lair:6   | Killed a dire elephant
 22676 | Lair:6   | Killed a dire elephant
 22676 | Lair:6   | Reached skill level 15 in Dodging
 22782 | Lair:6   | Noticed a dire elephant
 22800 | Lair:6   | Killed a dire elephant
 22916 | Lair:6   | Noticed a dire elephant
 22917 | Lair:6   | Noticed a dire elephant
 22951 | Lair:6   | Killed a dire elephant
 23004 | Lair:6   | Killed a dire elephant
 23707 | Orc:1    | Entered Level 1 of the Orcish Mines
 23715 | Orc:1    | Found Todohi Quhu's Book Shop.
 24182 | Orc:1    | Found Usomei's Gadget Shoppe.
 24202 | Orc:1    | Found Qaxtejia's Distillery.
 24370 | Orc:2    | Entered Level 2 of the Orcish Mines
 24557 | Orc:2    | Noticed Josephine
 24575 | Orc:2    | Killed Josephine
 25088 | Orc:2    | Found a staircase to the Elven Halls.
 25541 | Orc:2    | Found Izyud's Armour Boutique.
 25541 | Orc:2    | Found Kenachi's Armour Emporium.
 25543 | Orc:2    | Found Vammoamm's Jewellery Shoppe.
 25545 | Orc:2    | Found Jitetuci's Antique Armour Shop.
 25593 | Orc:2    | Bought the amulet of Vanity {Reflect +Blink MR+ Str+2 Dex+3
                  | SH+5} for 781 gold pieces
 25954 | Orc:1    | Noticed Sonja
 25963 | Orc:2    | Reached XP level 15. HP: 124/124 MP: 15/15
 26094 | D:12     | Found a frozen archway.
 26120 | D:12     | Reached skill level 1 in Ice Magic
 26135 | IceCv    | Entered an ice cave
 26152 | IceCv    | Reached skill level 1 in Summonings
 26167 | IceCv    | Reached skill level 1 in Spellcasting
 26174 | IceCv    | Found a transporter.
 26203 | IceCv    | Found a transporter.
 26547 | D:12     | Reached skill level 16 in Dodging
 26790 | D:12     | Found Plog's Gadget Boutique.
 27697 | D:13     | Found a gate to the Vaults.
 27930 | D:13     | Found a white marble altar of Elyvilon.
 28130 | D:14     | Identified the +0 rapier of Peace {elec, rN+ MR+ Int+4}
 28143 | D:14     | Reached ****** piety under Ashenzari
 29402 | D:14     | Reached skill level 5 in Summonings
 29483 | D:15     | Entered Level 15 of the Dungeon
 29483 | D:15     | Noticed Rupert
 30846 | D:15     | Reached XP level 16. HP: 134/134 MP: 22/22
 30963 | D:15     | Killed Rupert
 31077 | D:15     | Found a staircase to the Depths.
 31097 | D:15     | Reached skill level 17 in Dodging
 31645 | D:15     | Reached skill level 5 in Spellcasting
 32261 | D:15     | Found the ring of Robustness {AC+8}
 32501 | Orc:1    | Bought a book of Summonings for 1190 gold pieces
 32508 | Orc:1    | Learned a level 6 spell: Shadow Creatures
 32618 | Swamp:1  | Entered Level 1 of the Swamp
 32656 | Swamp:1  | Noticed Jorgrun
 32696 | Lair:3   | Killed Jorgrun
 33282 | Swamp:1  | Identified the +1 scale mail of Oily Awe {Str+4}
 33446 | Swamp:1  | Noticed a tentacled monstrosity
 33494 | Swamp:1  | Killed a tentacled monstrosity
 34113 | Swamp:2  | Reached skill level 15 in Fighting
 35587 | Swamp:3  | Reached XP level 17. HP: 142/142 MP: 27/27
 35874 | Swamp:3  | Reached skill level 18 in Dodging
 36015 | Swamp:4  | Entered Level 4 of the Swamp
 36450 | Swamp:4  | Noticed Bai Suzhen
 36515 | Swamp:4  | Killed Bai Suzhen
 37671 | Swamp:4  | Reached skill level 10 in Summonings
 37901 | Swamp:4  | Got a decaying rune of Zot
 38340 | Spider:1 | Entered Level 1 of the Spider Nest
 38912 | Lair:3   | Reached skill level 19 in Dodging
 38956 | Lair:3   | Reached XP level 18. HP: 151/151 MP: 30/30
 39434 | Spider:1 | Identified the +11 hunting sling "Ackes" {vorpal, *Corrode
                  | +Inv +Fly Int+4}
 41080 | Spider:3 | Noticed Arachne
 41104 | Spider:3 | Killed Arachne
 42163 | Spider:3 | Noticed Asterion
 42184 | Spider:3 | Killed Asterion
 42516 | Spider:4 | Entered Level 4 of the Spider Nest
 42923 | Spider:4 | Noticed Nikola
 44875 | Spider:4 | Reached skill level 20 in Dodging
 45194 | Spider:4 | Reached XP level 19. HP: 161/161 MP: 23/32
 45663 | Spider:3 | Killed Nikola
 45663 | Spider:3 | Reached skill level 10 in Armour
 46331 | Spider:4 | Identified the +1 robe of Lytuwo {Harm rC+ Int+3 Slay+3}
 46588 | Spider:4 | Got a gossamer rune of Zot
 46896 | Vaults:1 | Entered Level 1 of the Vaults
 47258 | Vaults:1 | Noticed a Brimstone Fiend
 47429 | Vaults:1 | Noticed a Hell Sentinel
 47727 | Vaults:1 | Identified the cursed +3 arbalest of the Egg {venom, Int+2}
 49122 | Vaults:1 | Reached skill level 21 in Dodging
 50643 | Vaults:2 | Reached XP level 20. HP: 145/171 MP: 33/33
 50973 | Vaults:2 | Learned a level 3 spell: Frozen Ramparts
 52406 | Vaults:2 | Reached skill level 5 in Ice Magic
 53031 | Vaults:2 | Found a staircase to the Crypt.
 53085 | Vaults:2 | Noticed a lich
 53117 | Vaults:2 | Killed a lich
 54014 | Vaults:3 | Reached skill level 22 in Dodging
 54248 | Vaults:3 | Reached XP level 21. HP: 180/180 MP: 34/34
 54597 | Vaults:3 | Identified a scroll of acquirement
 54597 | Vaults:3 | Acquired a cursed +0 demon trident of draining
 54653 | Vaults:3 | Noticed Margery
 54680 | Vaults:3 | Killed Margery
 55002 | Vaults:3 | Noticed Mara
 55003 | Vaults:3 | Noticed ringo67's illusion
 55070 | Vaults:3 | Killed Mara
 55193 | Vaults:3 | Found a runed translucent gate.
 55194 | Vaults:3 | Found a runed translucent gate.
 55195 | Vaults:3 | Found a runed translucent gate.
 55195 | Vaults:3 | Noticed deprived's ghost (veteran HOFi)
 56064 | Vaults:4 | Found Ukaxyin's Distillery.
 56418 | Vaults:4 | Noticed Boris
 56445 | Vaults:4 | Killed Boris
 56498 | Vaults:4 | Noticed Frederick
 56517 | Vaults:4 | Killed Frederick
 56891 | Vaults:4 | Noticed Mennas
 56981 | Vaults:3 | HP: 5/182 [Mennas/+2 eudemon blade of holy wrath (40)]
 56981 | Vaults:3 | HP: 2/182 [Mennas/+2 eudemon blade of holy wrath (3)]
 56982 | Vaults:3 | Demolished by Mennas

Illustrated notes

Levels and vault maps discovered:
D:1:      dpeg_arrival_rooms_a, layout_basic
D:2:      minmay_angry_zag, layout_basic
D:3:      layout_rooms, grunt_decor_one_mirror, uniq_crazy_yiuf_cottage,
          uniq_terence
D:4:      layout_cave_pools, gammafunk_temple_overflow_elements
D:5:      layout_loops_ring, lemuel_coloured_pillars_altar, basic_altar,
          xom_confusion_cloud, uniq_sigmund, uniq_blork_the_orc
D:6:      layout_loops_cross, grunt_dithmenos_smoke_and_mirrors,
          minmay_temple_entry_mini_moons, lightli_ossuary_entry_decrepit_ruins,
          minmay_pentangle, uniq_duvessa
D:7:      layout_loops_ring, overflow_temple_1_default, kennysheep_mini_moat,
          trog_wizard
D:8:      layout_loops_ring, overflow_temple_1_default, minitemple,
          minmay_shop_grid_forest, uniq_grum, uniq_pikel
D:9:      layout_loops_ring
D:10:     layout_cave_pools, dk_noncrumbling_4
D:11:     layout_roguey, due_lair_maze_entry_diamond, hiddenorc2_lemuel
D:12:     layout_loops_corners, portal_ice_cave_entry_imps, serial_shops,
          nicolae_shop_waterfront, chequers_serial_rivers_micro_d,
          hangedman_fish_farm
D:13:     layout_small_grid, erik_vaults_1, elyvilon_altar_4
D:14:     layout_loops_ring, chequers_avenue
D:15:     grunt_enter_depths_snipers, layout_cave_pools, chequers_mini_garden,
          minmay_guarded_unrand_robustness, uniq_rupert
Temple:   dshaligram_water_room_temple
Lair:1:   layout_loops_ring, chequers_serial_rivers_micro_d
Lair:2:   layout_chaotic_city
Lair:3:   layout_chaotic_city, minmay_swamp_entry_worms,
          nicolae_spider_entry_orb_guardian, chequers_serial_rivers_micro_d
Lair:4:   beast_lair_carwin_large_3, layout_big_grid,
          grunt_forest_small_clearings, pf_torpor_hydra
Lair:5:   layout_regular_city, slime_dummy
Lair:6:   due_jungle_book, layout_cave_pods, grunt_megastairs_2,
          minmay_lair_oklob_chamber, serial_bayou_shore_a, lemuel_fruit_tree
Swamp:1:  cheibrodos_swamp_monstrosity, layout_falls_marsh,
          nicolae_swamp_treefoil, uniq_jorgrun
Swamp:2:  layout_basic_swamp, hangedman_swamp_lotus
Swamp:3:  layout_basic_swamp, nicolae_swamp_stair_fork, swamp_pool1
Swamp:4:  swamp_vile, layout_basic_swamp, infiniplex_staircase_pool_2,
          uniq_bai_suzhen
Spider:1: layout_spider_delve, guppyfry_hornet_nest
Spider:2: layout_spider_delve
Spider:3: layout_chambers, uniq_asterion, uniq_arachne
Spider:4: grunt_spider_rune_island, hive_lemuel, uniq_nikola
Orc:1:    layout_caves, guppyfry_orc_lava_fort, uniq_erolcha, uniq_sonja
Orc:2:    st_orc_rangers, layout_diamond_mine, uniq_josephine
Vaults:1: st_more_cells, v_alt_pattern_2, v_misc_18, ontoclasm_vaults_spin,
          v_misc_10, ontoclasm_vaults_ligature, ontoclasm_vaults_hangar,
          layout_vaults_chaotic_city
Vaults:2: minmay_crypt_entry_simple_box, serial_ice_b, nicolae_vaults_octagons,
          vaults_room_corners, v_misc_5, vaults_mumra_minichess,
          grunt_vaults_hallway_long, vaults_room_grunt_arrival_ludios,
          hangedman_vaults_trim, nicolae_vaults_diagonal_hallway_9, v_rooms_1,
          vaults_room_semicircle, layout_vaults_omnigrid
Vaults:3: gammafunk_vaults_ghost_spectres, vaults_room_corners,
          vaults_dpeg_doors, vaults_room_pool, ontoclasm_vaults_gateway,
          vaults_mumra_hex, nicolae_vaults_circle_grid_b,
          vaults_mumra_minichess_inversion, hangedman_vaults_stream,
          nicolae_vaults_sealed_display, v_misc_4,
          ontoclasm_vaults_loading_screen, layout_vaults_omnicross,
          uniq_margery, uniq_mara
Vaults:4: ontoclasm_vaults_ring_square, v_misc_26, nicolae_vaults_rhombus_6,
          nicolae_vaults_little_ls, v_misc_26, ontoclasm_vaults_ring_small,
          nicolae_vaults_big_angled_halls, ontoclasm_vaults_bender,
          grunt_vaults_hallway_short, ontoclasm_vaults_twist,
          ontoclasm_vaults_ring_small, layout_vaults_maze_snakey, serial_shops,
          shop, enter_trove_1, uniq_frederick, uniq_mennas, uniq_boris

Skill      XL: |  1  2  3  4  5  6  7  8  9 10 11 12 13 14 15 16 17 18 19 20 21 |
---------------+----------------------------------------------------------------+-----
Polearms       | 5 6 7 9 10 12 13 14 | 14.0
Armour         | 1 2 4 5 6 7 8 9 10 11 12 | 12.4
Fighting       | 3 4 5 7 8 9 11 12 13 14 15 16 17 18 19 | 19.7
Shields        | 1 2 3 4 5 7 8 9 11 12 13 | 13.4
Dodging        | 5 6 7 9 10 11 13 14 15 16 17 19 20 21 22 | 22.7
Ice Magic      | 3 5 |  5.9
Summonings     | 6 8 10 11 12 | 12.3
Spellcasting   | 4 6 8 9 |  9.0
Throwing       | |  2.0

Action                   |  1- 3 |  4- 6 |  7- 9 | 10-12 | 13-15 | 16-18 | 19-21 || total
-------------------------+-------+-------+-------+-------+-------+-------+-------++-------
Melee: Trident           |   102 |   151 |   590 |  1441 |  1770 |  2531 |  1810 ||  8395
       Tailslap          |       |       |     4 |     1 |    16 |   263 |    11 ||   295
       Demon trident     |       |       |       |       |       |       |   420 ||   420
Throw: Throwing net      |       |     3 |       |       |       |       |       ||     3
       Dart              |       |     4 |     4 |    28 |     7 |    13 |     1 ||    57
 Cast: Shadow Creatures  |       |       |       |       |       |    22 |    16 ||    38
       Frozen Ramparts   |       |       |       |       |       |       |     2 ||     2
Invok: Curse Item        |       |       |     4 |     4 |     2 |     1 |     2 ||    13
       Scrying           |       |       |       |     2 |       |     1 |     1 ||     4
Evoke: Wand              |       |       |       |     2 |     1 |       |     1 ||     4
  Use: Scroll            |       |       |    11 |    11 |     9 |     3 |    15 ||    49
       Potion            |       |       |       |     1 |       |     2 |     7 ||    10
 Stab: Sleeping          |     2 |     1 |       |       |       |       |       ||     3
       Held in net/web   |       |     1 |       |       |       |     1 |       ||     2
       Confused          |       |       |     1 |       |       |       |       ||     1
       Petrified         |       |       |       |       |     4 |       |       ||     4
       Distracted        |       |       |       |       |       |     4 |     1 ||     5
Armor: Leather armour    |    24 |     7 |       |       |       |       |       ||    31
       Ring mail         |       |    21 |    65 |   134 |       |       |       ||   220
       Scale mail        |       |       |       |     8 |   151 |   416 |   159 ||   734
Dodge: Dodged            |    58 |    38 |   124 |   350 |   470 |  1576 |   740 ||  3356
Block: Kite shield       |     2 |    35 |   201 |   702 |   953 |  2216 |   891 ||  5000
       Reflection        |       |       |     2 |    29 |   111 |    21 |   107 ||   270
       Tower shield      |       |       |       |       |       |       |   459 ||   459

Table legend: (Time is in decaauts)
 A = Elapsed time spent in this place.
 B = Non-inter-level travel time spent in this place.
 C = Inter-level travel time spent in this place.
 D = Time resting spent in this place.
 E = Time spent auto-exploring this place.
 F = Levels seen in this place.
 G = Mean time per level.
                   A        B        C        D        E       F      G
               +--------+--------+--------+--------+--------+-----+--------+
         Total |  53395 |  51331 |   2064 |  18840 |  21006 |  38 | 1405.1 |
       Dungeon |  18937 |  18204 |    733 |   6313 |   7999 |  15 | 1262.5 |
        Temple |     61 |     42 |     19 |      0 |     29 |   1 |   61.0 |
          Lair |  10705 |  10191 |    514 |   4342 |   3980 |   6 | 1784.2 |
         Swamp |   4432 |   4258 |    174 |   1097 |   1965 |   4 | 1108.0 |
   Spider Nest |   7404 |   7168 |    236 |   3596 |   2103 |   4 | 1851.0 |
  Orcish Mines |   1827 |   1734 |     93 |    544 |    667 |   2 |  913.5 |
        Vaults |   9162 |   8869 |    293 |   2398 |   4260 |   4 | 2290.5 |
       Ossuary |    498 |    498 |      0 |    317 |      0 |   1 |  498.0 |
      Ice Cave |    364 |    364 |      0 |    232 |      0 |   1 |  364.0 |
               +--------+--------+--------+--------+--------+-----+--------+

Top non-repeatable levels by time:
Spider:3: 4180 daAuts
  Lair:6: 3853 daAuts
Vaults:1: 3301 daAuts
Vaults:2: 3067 daAuts
    D:14: 2189 daAuts
    D:15: 1919 daAuts
Vaults:3: 1867 daAuts
    D:11: 1838 daAuts
  Lair:3: 1821 daAuts
  Lair:2: 1543 daAuts
  Lair:4: 1539 daAuts
     D:3: 1504 daAuts
 Swamp:4: 1440 daAuts
    D:10: 1384 daAuts
   Orc:2: 1339 daAuts
